 Dungeon Crawl Stone Soup version 0.26-a0-201-gb271ac0e06 (console) character file.

Game seed: 14582928095095190097

184 bli the Insei (level 5, -3/37 HPs)
             Began as a Merfolk Transmuter on July 5, 2020.
             Was a Follower of Cheibriados.
             Killed from afar by Natasha (9 damage)
             ... with a puff of flame
             ... on level 3 of the Dungeon.
             The game lasted 00:08:22 (3057 turns).

bli the Insei (Merfolk Transmuter)                  Turns: 3057, Time: 00:08:22

Health: -3/37      AC:  3    Str: 12    XL:     5   Next: 63%
Magic:  7/9        EV: 13    Int: 14    God:    Cheibriados [*.....]
Gold:   85         SH:  0    Dex: 18    Spells: 4/10 levels left

rFire    . . .     SeeInvis .     - Unarmed
rCold    + . .     Faith    .   (no shield)
rNeg     . . .     Spirit   .   g - +0 leather armour {rC+}
rPois    .         Reflect  .   l - +0 hat
rElec    .         Harm     .   (no cloak)
rCorr    .                      (no gloves)
MR       .....                  (no boots)
Stlth    +.........             (no amulet)
HPRegen  0.12/turn              (no ring)
MPRegen  0.11/turn              (no ring)

@: appendage (expiring), very slow
A: change form in water, swift swim, stealthy swim, horns 2
a: End Transformation, Bend Time, Renounce Religion


You were on level 3 of the Dungeon.
You worshipped Cheibriados.
Cheibriados was aware of your devotion.
You were not hungry.
You had grown temporary horns.
You visited 1 branch of the dungeon, and saw 3 of its levels.

You collected 85 gold pieces.

Inventory:

Hand Weapons
 h - a +0 falchion of draining
Missiles
 a - 48 arrows
 f - 91 stones (quivered)
Armour
 b - a +0 robe
 g - a +0 leather armour of cold resistance (worn)
 l - a +0 hat (worn)
 n - a +0 buckler
Jewellery
 p - a +4 ring of protection
Scrolls
 c - 3 scrolls of identify {unknown}
 e - a scroll of noise {unknown}
 i - a scroll of amnesia {unknown}
 k - a scroll of teleportation {unknown}
 m - a scroll of fear {unknown}
 o - a scroll of blinking {unknown}
Potions
 j - a potion of stabbing {unknown}
Comestibles
 d - 8 rations


   Skills:
 + Level 1.2 Fighting
 + Level 0.1 Armour
 + Level 3.3 Dodging
 + Level 5.2 Unarmed Combat
 * Level 3.3 Spellcasting
 + Level 3.2 Transmutations


You had 4 spell levels left.
You knew the following spells:

 Your Spells              Type           Power        Failure   Level  Hunger
a - Beastly Appendage     Tmut           ##....       7%          1    #......
b - Sticks to Snakes      Tmut           ##......     11%         2    ##.....
S - Spider Form           Tmut/Pois      #.........   38%         3    ###....

Your spell library contained the following spells:

 Spells                   Type           Power        Failure   Level  Hunger
 Ice Form                 Ice/Tmut       #.......     80%         4    #####..
 Blade Hands              Tmut           ##........   88%         5    ######.


Dungeon Overview and Level Annotations

Branches:
Dungeon (3/15)

Altars:
Cheibriados

Annotations:
D:3 Natasha


Innate Abilities, Weirdness & Mutations

You revert to your normal form in water.
You are very nimble and swift while swimming.
You are very stealthy in the water. (Stealth+)
You have a pair of horns on your head.


Message History

The crimson imp barely misses you.
You barely miss Natasha.
Natasha is moderately wounded.
Natasha closely misses you.
The dart slug bites you but does no damage.
The crimson imp closely misses you.
You hit Natasha. You headbutt Natasha.
Natasha is severely wounded.
The crimson imp misses you.
Natasha mumbles some strange words.
The crimson imp closely misses you. The dart slug launches a dart at you.
The slug dart hits you.
* * * LOW HITPOINT WARNING * * *
You closely miss Natasha.
Natasha is severely wounded.
The crimson imp hits you.
* * * LOW HITPOINT WARNING * * *
Natasha zaps a wand.
The puff of flame hits you!
You die...

#.#.# #................
#.#.# ###########......
#.#.# #...............#
#.#.# #.#########.###.#
#.#.# #.# #.# #.#
#####.#.#######.# #.# #.#
#............##.# #.# #.#
#.###.#.####.##.## #.# #.#
#.# #.#.# #.....# #.# #.#
#.# #.#.# #.5.5.# #.# #.#
#.###.#.####.5@..# #.# #.#
#...#.#.......wh.# #.# #.#
###.#.#########.#########)#
#.#
#.................w.o.K<..#
#.#
#.#.#.#########.###########
#.. #.#.#.# #[# ###
#.#.#.#########)..K....
#.#....................
#.###.###########.w.... #.#
#^# ...... #.###.# .....w


You could see Natasha, 3 crimson imps and a dart slug.

Vanquished Creatures
  An orc priest (D:3)
  Natasha (twice) (D:3)
  5 adders (D:2)
  2 oozes
  A worm (D:2)
  A dart slug (D:3)
  2 orcs (D:3)
  4 bats
  7 giant cockroaches
  8 goblins
  5 hobgoblins
  3 quokkas (D:2)
  2 ball pythons (D:2)
  4 frilled lizards
  7 rats
54 creatures vanquished.

Vanquished Creatures (collateral kills)
  2 orcs (D:3)
2 creatures vanquished.

Grand Total: 56 creatures vanquished

Notes
Turn   | Place    | Note
-------+----------+-------------------------------------------
     0 | D:1      | bli the Merfolk Transmuter began the quest for the Orb.
     0 | D:1      | Reached XP level 1. HP: 15/15 MP: 3/3
   234 | D:1      | Reached XP level 2. HP: 21/21 MP: 3/5
   348 | D:1      | Reached skill level 4 in Unarmed Combat
   809 | D:1      | Learned a level 2 spell: Sticks to Snakes
   851 | D:2      | Reached XP level 3. HP: 18/26 MP: 4/6
  1222 | D:2      | Found a snail-covered altar of Cheibriados.
  1234 | D:2      | Became a worshipper of Cheibriados the Contemplative
  1497 | D:2      | Reached XP level 4. HP: 30/32 MP: 5/7
  1506 | D:2      | Learned a level 3 spell: Spider Form
  1853 | D:2      | Reached skill level 5 in Unarmed Combat
  2104 | D:3      | Reached XP level 5. HP: 16/37 MP: 5/9
  2110 | D:3      | Reached * piety under Cheibriados
  2319 | D:3      | Noticed Natasha
  2329 | D:3      | HP: 1/37 [shadow imp[Natasha] (1)]
  2525 | D:3      | Killed Natasha
  2556 | D:3      | Noticed Natasha
  2563 | D:3      | Killed Natasha
  3045 | D:3      | Noticed Natasha
  3057 | D:3      | Killed from afar by Natasha

Illustrated notes

Levels and vault maps discovered:
D:1:      minmay_arrival_four_houses, layout_basic
D:2:      layout_basic, old_standard_altar, first_ration
D:3:      layout_basic, uniq_natasha

Skill      XL: |  1  2  3  4  5 |
---------------+----------------+-----
Unarmed Combat | 4 5 |  5.2
Dodging        | 3 |  3.3
Transmutations | 3 |  3.2
Spellcasting   | 3 |  3.3
Fighting       | |  1.2
Armour         | |  0.1

Action                   |  1- 3 |  4- 6 || total
-------------------------+-------+-------++-------
Melee: Unarmed           |    84 |    94 ||   178
       Headbutt          |    11 |    16 ||    27
       Punch             |     1 |     2 ||     3
 Cast: Beastly Appendage |    20 |    17 ||    37
       Sticks to Snakes  |     3 |     8 ||    11
  Use: Potion            |       |     1 ||     1
 Stab: Distracted        |       |     1 ||     1
       Sleeping          |       |     1 ||     1
  Eat: Chunk             |     3 |     4 ||     7
Armor: Robe              |    15 |     4 ||    19
       Leather armour    |       |     9 ||     9
Dodge: Dodged            |    50 |    68 ||   118

Table legend:
 A = Non-vault XP
 B = Vault XP
 C = Vault XP percentage of total XP
 D = Non-vault monster count
 E = Vault monster count
 F = Vault count percentage of total count
                 A         B        C        D         E       F
            +---------+---------+-------+---------+---------+-------
      Total |     236 |      27 |  10.3 |      55 |       1 |   1.8
            +---------+---------+-------+---------+---------+-------
        D:1 |      30 |       0 |   0.0 |      14 |       0 |   0.0
        D:2 |     102 |       0 |   0.0 |      27 |       0 |   0.0
        D:3 |     104 |      27 |  20.6 |      14 |       1 |   6.7
            +---------+---------+-------+---------+---------+-------
